 Dungeon Crawl Stone Soup version 0.27-a0-1612-gde56a17b89 (webtiles) character file.

Game seed: 12606216114197420847

203 Sabo the Chopper (level 5, -6/39 HPs)
             Began as a Demonspawn Gladiator on July 21, 2021.
             Mangled by a gnoll sergeant (14 damage)
             ... on level 5 of the Dungeon.
             The game lasted 00:12:39 (3039 turns).

Sabo the Chopper (Demonspawn Gladiator)             Turns: 3039, Time: 00:12:39

Health: -6/39      AC:  9    Str: 15    XL:     5   Next: 51%
Magic:  5/5        EV: 10    Int: 10    God:
Gold:   39         SH:  0    Dex: 14    Spells: 4/4 levels left

rFire    . . .     SeeInvis .   a - +0 war axe
rCold    . . .     Faith    .   (no shield)
rNeg     . . .     Spirit   .   p - +0 chain mail
rPois    .         Reflect  .   c - +0 helmet
rElec    .         Harm     .   (no cloak)
rCorr    .         Rampage  .   (no gloves)
Will     .....                  (no boots)
Stlth    ..........             (no amulet)
HPRegen  0.13/turn              (no ring)
MPRegen  0.09/turn              (no ring)

@: no status effects
A: sturdy frame 2
a: no special abilities


You were on level 5 of the Dungeon.
You visited 1 branch of the dungeon, and saw 4 of its levels.

You collected 94 gold pieces.
You spent 55 gold pieces at shops.

Inventory:

Hand Weapons
 a - a +0 war axe (weapon)
 e - a +0 hunting sling
Missiles
 d - 3 throwing nets (quivered)
 f - 53 bolts
 g - 8 atropa-tipped darts
 m - 4 curare-tipped darts
Armour
 c - a +0 helmet (worn)
 p - a +0 chain mail (worn)
Scrolls
 b - a scroll of enchant weapon
 j - a scroll of teleportation
 k - a scroll of summoning
Potions
 i - a potion of degeneration {unknown}
 l - a potion of magic {unknown}
 n - a potion of haste {unknown}
 o - a potion of ambrosia {unknown}


   Skills:
 + Level 2.6 Fighting
 + Level 4.1 Axes
 + Level 1.8 Throwing
 + Level 1.8 Armour
 + Level 3.6 Dodging
 + Level 0.1 Stealth
 + Level 1.0 Unarmed Combat


You had 4 spell levels left.
You didn't know any spells.
Your spell library contained the following spells:

 Spells                   Type           Power      Damage    Failure   Level
 Dazzling Flash           Conj/Hex       0%         N/A       99%         3
 Agony                    Necr           0%         N/A       100%        5
 Silence                  Hex/Air        0%         N/A       100%        5


Dungeon Overview and Level Annotations

Branches:
Dungeon (3/15)

Altars:

Shops:
D:1 =   D:2 !

Annotations:
D:3 1 runed translucent door, Persephone's ghost, weakling DsFi


Innate Abilities, Weirdness & Mutations

Your movements are less encumbered by armour. (ER -4)


Message History

You start removing your armour.
You continue taking off your +0 ring mail. x4
You finish taking off your +0 ring mail.
You start putting on your armour.
You continue putting on your +0 chain mail. x5
You finish putting on your +0 chain mail.
You drop a +0 ring mail.
Things that are here:
a +0 short sword; the human corpse of Terence You fall into a shaft and drop 2 floors!
The shaft crumbles and collapses.
Found 18 gold pieces.
You now have 39 gold pieces (gained 18).
A gnoll comes into view. It is wielding a +0 club.
The gnoll shouts!
The gnoll moves out of view.
A gnoll comes into view. It is wielding a +0 halberd.
Found a dented copper amulet.
The gnoll shouts!
You hear a shout!
The gnoll moves out of view.
A gnoll and a gnoll sergeant come into view.
The gnoll sergeant is wielding a +0 trident of distortion.
The gnoll sergeant shouts!
The gnoll shouts!
The gnoll sergeant moves out of view.
The gnoll barely misses you.
You slash the gnoll!
The gnoll is severely wounded.
The gnoll hits you but does no damage.
A gnoll comes into view. It is wielding a +0 whip.
The gnoll shouts!
You hit the gnoll but do no damage.
The gnoll is severely wounded.
The gnoll hits you with a +0 club.
The gnoll sergeant hits you from afar with a +0 trident of distortion!
The gnoll hits you from afar with a +0 halberd!
The gnoll hits you with a +0 club.
The gnoll sergeant hits you from afar with a +0 trident of distortion.
* * * LOW HITPOINT WARNING * * *
Space warps horribly around you!
You die...

...# ...# ... ..#
#..# ..##... #...
....... ##..#
.......
#...###.#......#
..
#....##...........
##...............#
##.@gg.......#..#
##..g.......#..#
##.g....##....###
#.....###......#.
##....g...........
#....#......###..
##..####.##.......
#### ####...###.
#.....


You could see a gnoll sergeant and 4 gnolls.

Vanquished Creatures
  2 orc priests (D:3)
  Terence (D:3)
  Natasha (thrice) (D:2)
  A worm (D:2)
  A dart slug (D:1)
  3 orcs (D:3)
  3 endoplasms (D:1)
  2 giant cockroaches
  2 goblins
  5 hobgoblins (D:2)
  3 jackals (D:2)
  2 quokkas (D:1)
  2 ball pythons (D:2)
  3 bats (D:1)
  A frilled lizard (D:1)
  2 kobolds (D:2)
  5 rats
41 creatures vanquished.

Notes
Turn   | Place    | Note
-------+----------+-------------------------------------------
     0 | D:1      | Sabo the Demonspawn Gladiator began the quest for the Orb.
     0 | D:1      | Reached XP level 1. HP: 16/16 MP: 1/1
   665 | D:1      | Gained mutation: Your movements are slightly less
                  | encumbered by armour. (ER -2) [demonic ancestry]
   665 | D:1      | Reached XP level 2. HP: 22/22 MP: 2/2
   825 | D:1      | Found Bukosoil's Jewellery Boutique.
   832 | D:1      | Reached skill level 3 in Axes
  1126 | D:2      | Found Qyetenk's Distillery.
  1424 | D:2      | Noticed Natasha
  1433 | D:2      | Killed Natasha
  1434 | D:2      | Reached XP level 3. HP: 19/27 MP: 3/3
  1992 | D:2      | Noticed Natasha
  2005 | D:2      | Killed Natasha
  2006 | D:2      | Reached skill level 1 in Armour
  2006 | D:2      | Reached XP level 4. HP: 25/34 MP: 4/4
  2265 | D:2      | Noticed Natasha
  2276 | D:2      | Killed Natasha
  2516 | D:2      | Bought a potion of heal wounds for 55 gold pieces
  2567 | D:3      | Found a runed translucent door.
  2580 | D:3      | Gained mutation: Your movements are less encumbered by
                  | armour. (ER -4) [demonic ancestry]
  2580 | D:3      | Reached XP level 5. HP: 12/39 MP: 5/5
  2582 | D:3      | Reached skill level 4 in Axes
  2876 | D:3      | Noticed Persephone's ghost (weakling DsFi)
  2918 | D:3      | Noticed Terence
  2927 | D:3      | Killed Terence
  2928 | D:3      | Reached skill level 1 in Unarmed Combat
  3001 | D:3      | You fall into a shaft and drop 2 floors!
  3001 | D:5      | Entered Level 5 of the Dungeon
  3039 | D:5      | Mangled by a gnoll sergeant

Illustrated notes

Levels and vault maps discovered:
D:1:      amcnicky_arrival_underground_garden, layout_basic, serial_shops,
          nicolae_diamond_shop
D:2:      minmay_wonky_spiral, layout_loops_ring, serial_shops, shop,
          uniq_natasha
D:3:      layout_loops_ring, ebering_ghost_reflecting_pool, uniq_terence
D:5:      layout_cave_pools

Skill      XL: |  1  2  3  4  5 |
---------------+----------------+-----
Dodging        | 3 |  3.6
Axes           | 3 4 |  4.1
Armour         | 1 |  1.8
Unarmed Combat | 1 |  1.0
Fighting       | |  2.6
Throwing       | |  1.8
Stealth        | |  0.1

Action                   |  1- 3 |  4- 6 || total
-------------------------+-------+-------++-------
Melee: War axe           |    88 |    37 ||   125
       Unarmed           |     8 |     2 ||    10
  Use: Scroll            |       |     4 ||     4
       Potion            |       |     1 ||     1
Armor: Leather armour    |    15 |       ||    15
       Ring mail         |    32 |    11 ||    43
       Skin              |     1 |     6 ||     7
       Chain mail        |       |     1 ||     1
Dodge: Dodged            |    79 |    17 ||    96

Table legend: (Time is in decaauts)
 A = Elapsed time spent in this place.
 B = Non-inter-level travel time spent in this place.
 C = Inter-level travel time spent in this place.
 D = Time resting spent in this place.
 E = Time spent auto-exploring this place.
 F = Levels seen in this place.
 G = Mean time per level.
                   A        B        C        D        E       F      G
               +--------+--------+--------+--------+--------+-----+--------+
         Total |   3080 |   3080 |      0 |   1184 |      0 |   4 |  770.0 |
       Dungeon |   3080 |   3080 |      0 |   1184 |      0 |   4 |  770.0 |
               +--------+--------+--------+--------+--------+-----+--------+

Top non-repeatable levels by time:
     D:2: 1455 daAuts
     D:1: 1132 daAuts
     D:3: 455 daAuts
     D:5: 38 daAuts
